Tampa Bay Lightning vs Minnesota North Stars
Created - Friday, May 12, 2023 at 07:10
Goals
|
| Tampa Bay Lightning |
1 |
0 |
2 |
0 |
3 |
| Minnesota North Stars |
0 |
1 |
2 |
1 |
4 |
|
Shots
|
| Tampa Bay Lightning |
9 |
11 |
7 |
1 |
28 |
| Minnesota North Stars |
9 |
10 |
14 |
4 |
37 |
|
1st period
1. Tampa Bay Lightning , Kirill Kaprizov 20 (Anze Kopitar 29) at 5:32
Penalties :
Gabriel Landeskog (TBL) for Holding (Minor) at 15:26
2nd period
2. Minnesota North Stars , Jeff Skinner 22 (Jonathan Toews 16) at 3:36 (PP)
Penalties :
Vladislav Gavrikov (TBL) for Kneeing (Minor) at 2:26, Nino Niederreiter (MNS) for Roughing (Minor) at 14:35
3rd period
3. Tampa Bay Lightning , Roope Hintz 12 (Christian Dvorak 8, Dylan Cozens 10) at 1:12
4. Minnesota North Stars , Jonathan Toews 10 (Viktor Arvidsson 24, Jeff Skinner 18) at 2:14 (PP)
5. Tampa Bay Lightning , Alexander Kerfoot 5 (Lars Eller 9, Ivan Barbashev 4) at 14:56
6. Minnesota North Stars , Yegor Sharangovich 13 (Gustav Nyquist 9, Adam Lowry 12) at 15:00
Penalties :
Moritz Seider (TBL) for Tripping (Minor) at 1:36, Vladislav Gavrikov (TBL) for Interference (Minor) at 5:06, Adam Lowry (MNS) for Holding (Minor) at 7:29, Zdeno Chara (MNS) for Hooking (Minor) at 12:46, Gabriel Landeskog (TBL) for Tripping (Minor) at 15:46
Overtime #1
7. Minnesota North Stars , Yegor Sharangovich 14 (Neal Pionk 13, Adam Lowry 13) at 2:14 (SH)
Penalties :
Evgeni Malkin (MNS) for Hooking (Minor) at 0:22
Goalie Stats
Darcy Kuemper (TBL), 33 saves from 37 shots - (0.892), OTL, 15-8-4, 62:14 minutes
Antti Raanta (MNS), 25 saves from 28 shots - (0.893), W, 10-8-2, 62:14 minutes
Players Stats for Tampa Bay Lightning
Player Name G A P +/- PIM S H SB GA TA FO MP PP MP PK MP
------------------------------------------------------------------------------------
Alexander Kerfoot 1 0 1 1 0 1 1 0 0 0 0/0 7:06 0:00 0:00
Alexander Romanov 0 0 0 1 0 0 2 3 0 0 0/0 16:10 0:00 5:25
Anze Kopitar 0 1 1 1 0 3 1 0 0 0 9/26 23:48 2:36 4:52
Christian Dvorak 0 1 1 0 0 2 0 0 0 0 0/1 13:50 0:00 1:44
Connor Brown 0 0 0 0 0 2 0 0 0 0 1/1 15:03 0:10 1:44
Darnell Nurse 0 0 0 1 0 2 4 2 0 0 0/0 26:02 3:16 2:20
Dylan Cozens 0 1 1 -1 0 2 1 0 0 1 0/0 12:57 0:38 0:00
Gabriel Landeskog 0 0 0 1 4 2 2 0 3 0 0/0 19:11 2:36 0:00
Hampus Lindholm 0 0 0 1 0 0 0 1 0 1 0/0 14:59 2:41 0:11
Ivan Barbashev 0 1 1 1 0 1 0 2 0 0 0/0 7:49 0:12 0:00
Johnny Gaudreau 0 0 0 0 0 3 0 0 1 0 0/1 15:06 3:05 0:00
Kirill Kaprizov 1 0 1 0 0 5 0 0 1 0 1/2 18:52 2:47 1:09
Lars Eller 0 1 1 1 0 1 1 0 0 0 1/2 8:15 0:00 1:09
Moritz Seider 0 0 0 -1 2 1 1 2 0 0 0/0 22:32 3:16 2:29
Roope Hintz 1 0 1 0 0 1 2 0 0 0 7/12 14:05 2:38 0:00
Ryan Graves 0 0 0 -1 0 0 1 1 0 0 0/0 21:54 2:41 2:09
Tomas Hertl 0 0 0 0 0 2 0 1 0 0 7/16 20:45 3:09 4:52
Vladislav Gavrikov 0 0 0 1 4 0 2 1 1 1 0/0 22:42 0:00 2:56
Players Stats for Minnesota North Stars
Player Name G A P +/- PIM S H SB GA TA FO MP PP MP PK MP
------------------------------------------------------------------------------------
Adam Lowry 0 2 2 0 2 3 1 0 0 0 3/4 11:33 0:00 1:09
Alex Goligoski 0 0 0 0 0 0 2 2 0 0 0/0 15:09 3:11 0:00
Andrew Poturalski 0 0 0 0 0 1 0 0 0 0 0/2 6:32 0:00 0:00
Conor Sheary 0 0 0 0 0 1 0 0 0 0 0/0 6:32 0:00 0:00
David Perron 0 0 0 0 0 1 0 0 0 0 0/0 22:45 4:46 1:29
Evgeni Malkin 0 0 0 0 2 4 1 0 1 0 19/32 22:22 4:46 0:21
Gustav Forsling 0 0 0 0 0 2 0 1 0 0 0/0 22:25 4:34 3:25
Gustav Nyquist 0 1 1 0 0 1 2 0 0 0 0/0 11:21 0:03 1:13
Jack Hughes 0 0 0 -1 0 3 0 0 1 0 1/1 24:45 4:46 2:43
Jeff Skinner 1 1 2 -1 0 3 1 0 1 1 0/0 15:27 2:56 0:00
Jonathan Toews 1 1 2 -2 0 3 0 0 0 0 11/20 19:36 2:56 4:05
Neal Pionk 0 1 1 1 0 5 2 0 0 1 0/0 21:58 3:11 3:56
Nick Holden 0 0 0 -1 0 1 1 1 0 2 0/0 13:21 0:00 1:32
Nino Niederreiter 0 0 0 0 2 0 0 0 0 0 0/0 6:59 0:03 0:00
Rasmus Dahlin 0 0 0 -1 0 2 2 1 0 1 0/0 28:53 4:34 3:36
Viktor Arvidsson 0 1 1 -1 0 2 0 0 0 0 1/2 15:27 2:56 0:00
Yegor Sharangovich 2 0 2 1 0 5 1 0 0 0 0/0 13:07 0:03 2:45
Zdeno Chara 0 0 0 -2 2 0 1 1 0 1 0/0 22:52 0:00 3:07
3 Stars
1 - Yegor Sharangovich (MNS)
2 - Jeff Skinner (MNS)
3 - Alexander Kerfoot (TBL)
Power Play
Tampa Bay Lightning - 0 on 4 Attempt(s) - 0.00%
Minnesota North Stars - 2 on 5 Attempt(s) - 40.00%
Penalty Kill
Tampa Bay Lightning - 3 on 5 Attempt(s) - 60.00%
- Score 0 goal in Penalty Kill
Minnesota North Stars - 4 on 4 Attempt(s) - 100.00%
- Score 1 goal in Penalty Kill
Team Stat
Tampa Bay Lightning - Hits : 18 - Faceoff Wins : 26 - Blocked Shots : 13 - Penalty Minutes : 10
Minnesota North Stars - Hits : 14 - Faceoff Wins : 35 - Blocked Shots : 6 - Penalty Minutes : 8
Official
Referees : Dean Morton and Dave Lewis
Linesman : Mike Cvik and Bryan Pancich
Game Notes
4:02 of 2nd period - Tampa Bay Lightning goal is going for a video replay. After video review, No Goal. The puck has entered the net after making contact with an attacking player’s stick that is above the height of the crossbar.
Finance
Level 1 -- Attendance: 4776 (79.60%) -- Ticket Income $477,600
Level 2 -- Attendance: 3720 (74.40%) -- Ticket Income $223,200
Level 3 -- Attendance: 2608 (86.93%) -- Ticket Income $91,280
Level 4 -- Attendance: 4174 (83.48%) -- Ticket Income $104,350
Luxury Box -- Attendance: 814 (81.40%) -- Ticket Income $162,800
Game was played at the Met Center.
Total Attendance: 16092 (80.46%)
Total Ticket Income: $1,059,230
Other Income: $370,730
Total Income: $1,429,960
Tampa Bay Lightning
5 vs 5 Forward
Center Left Wing Right Wing Time % Phy DF OF
1 Anze Kopitar Gabriel Landeskog Kirill Kaprizov 35 1 2 2
2 Tomas Hertl Johnny Gaudreau Connor Brown 32 1 2 2
3 Roope Hintz Christian Dvorak Dylan Cozens 28 1 2 2
4 Lars Eller Alexander Kerfoot Ivan Barbashev 5 1 2 2
5 vs 5 Defense
Defense Defense Time % Phy DF OF
1 Darnell Nurse Vladislav Gavrikov 40 1 2 2
2 Moritz Seider Ryan Graves 35 1 2 2
3 Hampus Lindholm Alexander Romanov 25 1 2 2
4 Darnell Nurse Vladislav Gavrikov 0 1 2 2
PowerPlay Forward
Center Left Wing Right Wing Time % Phy DF OF
1 Tomas Hertl Johnny Gaudreau Kirill Kaprizov 60 1 2 2
2 Anze Kopitar Roope Hintz Gabriel Landeskog 40 1 2 2
PowerPlay Defense
Defense Defense Time % Phy DF OF
1 Moritz Seider Darnell Nurse 60 1 2 2
2 Hampus Lindholm Ryan Graves 40 1 2 2
Penalty Kill 4 Players Forward
Center Wing Time % Phy DF OF
1 Anze Kopitar Tomas Hertl 60 1 2 2
2 Christian Dvorak Connor Brown 40 1 2 2
Penalty Kill 4 Players Defense
Defense Defense Time % Phy DF OF
1 Alexander Romanov Vladislav Gavrikov 60 1 2 2
2 Ryan Graves Darnell Nurse 40 1 2 2
Penalty Kill - 3 Players Forward
Forward Time % Phy DF OF
1 Tomas Hertl 60 1 2 2
2 Anze Kopitar 40 1 2 2
Penalty Kill - 3 Players Defense
Defense Defense Time % Phy DF OF
1 Alexander Romanov Vladislav Gavrikov 60 1 2 2
2 Ryan Graves Darnell Nurse 40 1 2 2
4 vs 4 Forward
Center Wing Time % Phy DF OF
1 Anze Kopitar Gabriel Landeskog 60 1 2 2
2 Tomas Hertl Connor Brown 40 1 2 2
4 vs 4 Defense
Defense Defense Time % Phy DF OF
1 Darnell Nurse Vladislav Gavrikov 60 1 2 2
2 Moritz Seider Ryan Graves 40 1 2 2
Last Minutes Offensive
Center Left Wing Right Wing Defense Defense
Anze Kopitar Gabriel Landeskog Kirill Kaprizov Darnell Nurse Moritz Seider
Last Minutes Defensive
Center Left Wing Right Wing Defense Defense
Anze Kopitar Tomas Hertl Connor Brown Darnell Nurse Vladislav Gavrikov
Goaltenders
Starting : Darcy Kuemper
Backup : Jeremy Swayman
Extra Forwards
Normal : Kirill Kaprizov, Gabriel Landeskog, Dylan Cozens - PP : Dylan Cozens, Ivan Barbashev - PK : Lars Eller
Extra Defensemen
Normal : Moritz Seider, Darnell Nurse, Hampus Lindholm - PP : Vladislav Gavrikov - PK : Moritz Seider, Hampus Lindholm
Penalty Shots
Christian Dvorak, Anze Kopitar, Kirill Kaprizov, Johnny Gaudreau, Alexander Kerfoot
Minnesota North Stars
5 vs 5 Forward
Center Left Wing Right Wing Time % Phy DF OF
1 Evgeni Malkin Jack Hughes David Perron 40 1 2 2
2 Jonathan Toews Jeff Skinner Viktor Arvidsson 31 1 2 2
3 Adam Lowry Yegor Sharangovich Gustav Nyquist 24 1 2 2
4 Andrew Poturalski Conor Sheary Nino Niederreiter 5 1 2 2
5 vs 5 Defense
Defense Defense Time % Phy DF OF
1 Rasmus Dahlin Zdeno Chara 40 1 2 2
2 Neal Pionk Gustav Forsling 30 1 2 2
3 Alex Goligoski Nick Holden 20 1 2 2
4 Rasmus Dahlin Zdeno Chara 10 1 2 2
PowerPlay Forward
Center Left Wing Right Wing Time % Phy DF OF
1 Evgeni Malkin Jack Hughes David Perron 60 1 2 2
2 Jonathan Toews Jeff Skinner Viktor Arvidsson 40 1 2 2
PowerPlay Defense
Defense Defense Time % Phy DF OF
1 Rasmus Dahlin Gustav Forsling 60 1 2 2
2 Neal Pionk Alex Goligoski 40 1 2 2
Penalty Kill 4 Players Forward
Center Wing Time % Phy DF OF
1 Jonathan Toews Jack Hughes 60 1 2 2
2 Adam Lowry David Perron 40 1 2 2
Penalty Kill 4 Players Defense
Defense Defense Time % Phy DF OF
1 Rasmus Dahlin Zdeno Chara 60 1 2 2
2 Neal Pionk Gustav Forsling 40 1 2 2
Penalty Kill - 3 Players Forward
Forward Time % Phy DF OF
1 Jonathan Toews 60 1 2 2
2 Adam Lowry 40 1 2 2
Penalty Kill - 3 Players Defense
Defense Defense Time % Phy DF OF
1 Nick Holden Zdeno Chara 60 1 2 2
2 Neal Pionk Gustav Forsling 40 1 2 2
4 vs 4 Forward
Center Wing Time % Phy DF OF
1 Evgeni Malkin Jack Hughes 60 1 2 2
2 Jonathan Toews David Perron 40 1 2 2
4 vs 4 Defense
Defense Defense Time % Phy DF OF
1 Rasmus Dahlin Gustav Forsling 60 1 2 2
2 Neal Pionk Alex Goligoski 40 1 2 2
Last Minutes Offensive
Center Left Wing Right Wing Defense Defense
Evgeni Malkin Jack Hughes David Perron Rasmus Dahlin Gustav Forsling
Last Minutes Defensive
Center Left Wing Right Wing Defense Defense
Jonathan Toews Adam Lowry Yegor Sharangovich Rasmus Dahlin Gustav Forsling
Goaltenders
Starting : Antti Raanta
Backup : Brian Elliott
Extra Forwards
Normal : Evgeni Malkin, Jack Hughes, Jeff Skinner - PP : Evgeni Malkin, Jack Hughes - PK : Jonathan Toews
Extra Defensemen
Normal : Rasmus Dahlin, Neal Pionk, Gustav Forsling - PP : Rasmus Dahlin - PK : Nick Holden, Neal Pionk
Penalty Shots
Evgeni Malkin, Jack Hughes, Jeff Skinner, David Perron, Yegor Sharangovich
% Time on Ice - Tampa Bay Lightning
Lines # - Real PCT - Wanted PCT - Time Play
Normal Forward
1 - 33% - 35% - 15:23
2 - 27% - 32% - 12:24
3 - 25% - 28% - 11:25
4 - 15% - 5% - 7:06
Normal Defense
1 - 41% - 40% - 19:01
2 - 36% - 35% - 16:32
3 - 23% - 25% - 10:45
4 - 0% - 0% - 0:00
PP Forward
1 - 56% - 60% - 3:19
2 - 44% - 40% - 2:38
PP Defense
1 - 55% - 60% - 3:16
2 - 45% - 40% - 2:41
PK Forward
1 - 78% - 60% - 6:01
2 - 22% - 40% - 1:44
PK Defense
1 - 72% - 60% - 5:36
2 - 28% - 40% - 2:09
PK3 Forward
1 - 0% - 60%
2 - 0% - 40%
PK3 Defense
1 - 0% - 60%
2 - 0% - 40%
44 Forward
1 - 74% - 60% - 1:39
2 - 26% - 40% - 0:35
44 Defense
1 - 58% - 60% - 1:18
2 - 42% - 40% - 0:56
Last Minute Offensive - 0:00
Last Minute Defensive - 0:00
Total
Forward - 62:14
Defense - 62:14
|
% Time on Ice - Minnesota North Stars
Lines # - Real PCT - Wanted PCT - Time Play
Normal Forward
1 - 36% - 40% - 16:43
2 - 29% - 31% - 13:17
3 - 21% - 24% - 9:46
4 - 14% - 5% - 6:32
Normal Defense
1 - 41% - 40% - 18:52
2 - 29% - 30% - 13:35
3 - 25% - 20% - 11:38
4 - 5% - 10% - 2:13
PP Forward
1 - 62% - 60% - 4:49
2 - 38% - 40% - 2:56
PP Defense
1 - 59% - 60% - 4:34
2 - 41% - 40% - 3:11
PK Forward
1 - 75% - 60% - 4:28
2 - 25% - 40% - 1:29
PK Defense
1 - 61% - 60% - 3:36
2 - 39% - 40% - 2:21
PK3 Forward
1 - 86% - 60% - 1:35
2 - 14% - 40% - 0:16
PK3 Defense
1 - 42% - 60% - 0:47
2 - 58% - 40% - 1:04
44 Forward
1 - 100% - 60% - 0:23
2 - 0% - 40% - 0:00
44 Defense
1 - 100% - 60% - 0:23
2 - 0% - 40% - 0:00
Last Minute Offensive - 0:00
Last Minute Defensive - 0:00
Total
Forward - 62:14
Defense - 62:14
|
Play-by-Play
1st period
0:01 of 1st period - Kirill Kaprizov wins face-off versus Evgeni Malkin in neutral zone.
0:33 of 1st period - Wrist shot by Johnny Gaudreau.
0:33 of 1st period - Shot Blocked by Rasmus Dahlin.
0:39 of 1st period - Snap shot by Viktor Arvidsson.
0:39 of 1st period - Shot Misses the Net.
2:17 of 1st period - Zdeno Chara is hit by Darnell Nurse and loses puck.
2:37 of 1st period - Vladislav Gavrikov is hit by Rasmus Dahlin and loses puck.
2:44 of 1st period - Slapshot by Yegor Sharangovich.
2:44 of 1st period - Stopped by Darcy Kuemper without a rebound.
2:45 of 1st period - Evgeni Malkin wins face-off versus Roope Hintz in Tampa Bay Lightning zone.
2:54 of 1st period - Wrist shot by Jack Hughes.
2:54 of 1st period - Shot Misses the Net.
2:56 of 1st period - Slapshot by Neal Pionk.
2:56 of 1st period - Stopped by Darcy Kuemper without a rebound.
2:57 of 1st period - Jonathan Toews wins face-off versus Anze Kopitar in Tampa Bay Lightning zone.
3:22 of 1st period - Zdeno Chara is hit by Roope Hintz and loses puck.
5:32 of 1st period - Wrist shot by Kirill Kaprizov.
5:32 of 1st period - Goal by Kirill Kaprizov - Tampa Bay Lightning : 1 - Minnesota North Stars : 0.
5:33 of 1st period - Evgeni Malkin wins face-off versus Anze Kopitar in neutral zone.
5:36 of 1st period - Slapshot by Evgeni Malkin.
5:36 of 1st period - Stopped by Darcy Kuemper with a rebound.
5:44 of 1st period - Slapshot by Anze Kopitar.
5:44 of 1st period - Stopped by Antti Raanta without a rebound.
5:45 of 1st period - Evgeni Malkin wins face-off versus Anze Kopitar in Minnesota North Stars zone.
5:56 of 1st period - Snap shot by Kirill Kaprizov.
5:56 of 1st period - Shot Misses the Net.
6:06 of 1st period - Gabriel Landeskog is hit by Nick Holden and loses puck.
6:15 of 1st period - Evgeni Malkin is hit by Alexander Romanov.
6:56 of 1st period - Nick Holden is hit by Gabriel Landeskog and loses puck.
7:07 of 1st period - Gabriel Landeskog is hit by Alex Goligoski and loses puck.
7:16 of 1st period - Alex Goligoski is hit by Alexander Romanov and loses puck.
7:21 of 1st period - Wrist shot by Kirill Kaprizov.
7:21 of 1st period - Stopped by Antti Raanta with a rebound.
7:23 of 1st period - Wrist shot by Anze Kopitar.
7:23 of 1st period - Shot Misses the Net.
7:25 of 1st period - Slapshot by Anze Kopitar.
7:25 of 1st period - Stopped by Antti Raanta with a rebound.
7:51 of 1st period - Wrist shot by Kirill Kaprizov.
7:51 of 1st period - Stopped by Antti Raanta without a rebound.
7:52 of 1st period - Jonathan Toews wins face-off versus Tomas Hertl in Minnesota North Stars zone.
8:52 of 1st period - Backhand shot by Conor Sheary.
8:52 of 1st period - Stopped by Darcy Kuemper with a rebound.
8:54 of 1st period - Wrist shot by Andrew Poturalski.
8:54 of 1st period - Shot Blocked by Ivan Barbashev.
9:04 of 1st period - Connor Brown is hit by Neal Pionk and loses puck.
10:07 of 1st period - Tomas Hertl is hit by Rasmus Dahlin.
10:43 of 1st period - Jonathan Toews is hit by Dylan Cozens and loses puck.
11:52 of 1st period - Icing by Neal Pionk.
11:53 of 1st period - Roope Hintz wins face-off versus Jonathan Toews in Minnesota North Stars zone.
12:21 of 1st period - Snap shot by Evgeni Malkin.
12:21 of 1st period - Shot Blocked by Alexander Romanov.
12:31 of 1st period - Slapshot by Jack Hughes.
12:31 of 1st period - Shot Misses the Net.
12:33 of 1st period - Wrist shot by Jack Hughes.
12:33 of 1st period - Stopped by Darcy Kuemper without a rebound.
12:34 of 1st period - Tomas Hertl wins face-off versus Jonathan Toews in Tampa Bay Lightning zone.
12:41 of 1st period - Wrist shot by Johnny Gaudreau.
12:41 of 1st period - Stopped by Antti Raanta with a rebound.
12:43 of 1st period - Slapshot by Johnny Gaudreau.
12:43 of 1st period - Shot Misses the Net.
12:45 of 1st period - Slapshot by Vladislav Gavrikov.
12:45 of 1st period - Shot Misses the Net.
12:47 of 1st period - Wrist shot by Darnell Nurse.
12:47 of 1st period - Shot Misses the Net.
12:49 of 1st period - Wrist shot by Tomas Hertl.
12:49 of 1st period - Shot Misses the Net.
12:51 of 1st period - Wrist shot by Connor Brown.
12:51 of 1st period - Shot Blocked by Nick Holden.
13:01 of 1st period - Nick Holden is hit by Darnell Nurse and loses puck.
13:08 of 1st period - Slapshot by Christian Dvorak.
13:08 of 1st period - Stopped by Antti Raanta with a rebound.
13:10 of 1st period - Slapshot by Moritz Seider.
13:10 of 1st period - Stopped by Antti Raanta with a rebound.
13:12 of 1st period - Slapshot by Christian Dvorak.
13:12 of 1st period - Shot Misses the Net.
13:14 of 1st period - Snap shot by Christian Dvorak.
13:14 of 1st period - Shot Blocked by Alex Goligoski.
13:30 of 1st period - Wrist shot by Evgeni Malkin.
13:30 of 1st period - Stopped by Darcy Kuemper without a rebound.
13:31 of 1st period - Tomas Hertl wins face-off versus Evgeni Malkin in Tampa Bay Lightning zone.
14:31 of 1st period - Roope Hintz is hit by Neal Pionk and loses puck.
15:03 of 1st period - Snap shot by Kirill Kaprizov.
15:03 of 1st period - Stopped by Antti Raanta without a rebound.
15:04 of 1st period - Jonathan Toews wins face-off versus Anze Kopitar in Minnesota North Stars zone.
15:04 of 1st period - Jonathan Toews is hit by Moritz Seider.
15:18 of 1st period - Snap shot by Viktor Arvidsson.
15:18 of 1st period - Stopped by Darcy Kuemper with a rebound.
15:20 of 1st period - Snap shot by Jonathan Toews.
15:20 of 1st period - Stopped by Darcy Kuemper with a rebound.
15:26 of 1st period - Minor Penalty to Gabriel Landeskog for Holding.
15:27 of 1st period - Evgeni Malkin wins face-off versus Anze Kopitar in Tampa Bay Lightning zone.
16:38 of 1st period - Jonathan Toews is hit by Darnell Nurse and loses puck.
17:26 of 1st period - Penalty to Gabriel Landeskog is over, Gabriel Landeskog is back on ice.
17:33 of 1st period - Slapshot by Yegor Sharangovich.
17:33 of 1st period - Stopped by Darcy Kuemper without a rebound.
17:34 of 1st period - Roope Hintz wins face-off versus Adam Lowry in Tampa Bay Lightning zone.
17:34 of 1st period - Roope Hintz is hit by Yegor Sharangovich.
18:09 of 1st period - Nino Niederreiter is hit by Vladislav Gavrikov and loses puck.
19:13 of 1st period - Hampus Lindholm is hit by Jeff Skinner and loses puck.
19:20 of 1st period - Wrist shot by Jeff Skinner.
19:20 of 1st period - Shot Blocked by Alexander Romanov.
19:58 of 1st period - Kirill Kaprizov is hit by Gustav Nyquist.
Goals for this period are 1 for Tampa Bay Lightning vs 0 for Minnesota North Stars.
Shots for this period are 9 for Tampa Bay Lightning vs 9 for Minnesota North Stars.
2nd period
0:01 of 2nd period - Evgeni Malkin wins face-off versus Johnny Gaudreau in neutral zone.
0:06 of 2nd period - Wrist shot by Evgeni Malkin.
0:06 of 2nd period - Shot Misses the Net.
0:29 of 2nd period - Backhand shot by Rasmus Dahlin.
0:29 of 2nd period - Stopped by Darcy Kuemper without a rebound.
0:30 of 2nd period - Anze Kopitar wins face-off versus Jonathan Toews in Tampa Bay Lightning zone.
0:41 of 2nd period - Snap shot by Viktor Arvidsson.
0:41 of 2nd period - Shot Blocked by Moritz Seider.
0:43 of 2nd period - Wrist shot by Jonathan Toews.
0:43 of 2nd period - Shot Misses the Net.
0:45 of 2nd period - Wrist shot by Viktor Arvidsson.
0:45 of 2nd period - Shot Misses the Net.
0:57 of 2nd period - Wrist shot by Yegor Sharangovich.
0:57 of 2nd period - Shot Misses the Net.
0:59 of 2nd period - Slapshot by Adam Lowry.
0:59 of 2nd period - Shot Misses the Net.
1:03 of 2nd period - Wrist shot by Gustav Nyquist.
1:03 of 2nd period - Shot Misses the Net.
1:37 of 2nd period - Snap shot by Roope Hintz.
1:37 of 2nd period - Shot Blocked by Gustav Forsling.
1:45 of 2nd period - Snap shot by Jeff Skinner.
1:45 of 2nd period - Stopped by Darcy Kuemper with a rebound.
1:55 of 2nd period - Wrist shot by Alexander Kerfoot.
1:55 of 2nd period - Shot Misses the Net.
1:57 of 2nd period - Snap shot by Ivan Barbashev.
1:57 of 2nd period - Deflect By Andrew Poturalski.
1:57 of 2nd period - Shot Misses the Net.
1:57 of 2nd period - Puck is out of play.
1:58 of 2nd period - Lars Eller wins face-off versus Andrew Poturalski in Minnesota North Stars zone.
2:01 of 2nd period - Wrist shot by Lars Eller.
2:01 of 2nd period - Shot Blocked by Alex Goligoski.
2:26 of 2nd period - Minor Penalty to Vladislav Gavrikov for Kneeing.
2:27 of 2nd period - Anze Kopitar wins face-off versus Evgeni Malkin in Tampa Bay Lightning zone.
2:44 of 2nd period - Icing by David Perron.
2:45 of 2nd period - Evgeni Malkin wins face-off versus Anze Kopitar in Minnesota North Stars zone.
3:34 of 2nd period - Snap shot by Jack Hughes.
3:34 of 2nd period - Deflect By Evgeni Malkin.
3:34 of 2nd period - Shot Misses the Net.
3:34 of 2nd period - Puck is out of play.
3:35 of 2nd period - Jonathan Toews wins face-off versus Christian Dvorak in Tampa Bay Lightning zone.
3:36 of 2nd period - Wrist shot by Jeff Skinner.
3:36 of 2nd period - Goal by Jeff Skinner - Tampa Bay Lightning : 1 - Minnesota North Stars : 1.
3:37 of 2nd period - Roope Hintz wins face-off versus Viktor Arvidsson in neutral zone.
3:40 of 2nd period - Snap shot by Christian Dvorak.
3:40 of 2nd period - Stopped by Antti Raanta without a rebound.
3:41 of 2nd period - Roope Hintz wins face-off versus Jonathan Toews in Minnesota North Stars zone.
3:50 of 2nd period - Wrist shot by Dylan Cozens.
3:50 of 2nd period - Shot Misses the Net.
3:52 of 2nd period - Slapshot by Darnell Nurse.
3:52 of 2nd period - Stopped by Antti Raanta without a rebound.
3:53 of 2nd period - Evgeni Malkin wins face-off versus Tomas Hertl in Minnesota North Stars zone.
4:00 of 2nd period - Snap shot by Johnny Gaudreau.
4:00 of 2nd period - Shot Misses the Net.
4:02 of 2nd period - Snap shot by Tomas Hertl.
4:02 of 2nd period - Tampa Bay Lightning goal is going for a video replay.
4:02 of 2nd period - The goal is refused. The puck has entered the net after making contact with an attacking player’s stick that is above the height of the crossbar..
4:03 of 2nd period - Jack Hughes wins face-off versus Tomas Hertl in Minnesota North Stars zone.
4:33 of 2nd period - Wrist shot by Jack Hughes.
4:33 of 2nd period - Stopped by Darcy Kuemper with a rebound.
4:47 of 2nd period - Wrist shot by David Perron.
4:47 of 2nd period - Stopped by Darcy Kuemper without a rebound.
4:48 of 2nd period - Anze Kopitar wins face-off versus Jonathan Toews in Tampa Bay Lightning zone.
5:13 of 2nd period - Yegor Sharangovich is hit by Ryan Graves and loses puck.
5:42 of 2nd period - Conor Sheary is hit by Lars Eller.
7:46 of 2nd period - Wrist shot by Tomas Hertl.
7:46 of 2nd period - Deflect By Johnny Gaudreau.
7:46 of 2nd period - Stopped by Antti Raanta without a rebound.
7:47 of 2nd period - Evgeni Malkin wins face-off versus Tomas Hertl in Minnesota North Stars zone.
7:51 of 2nd period - Off-side.
7:52 of 2nd period - Anze Kopitar wins face-off versus Evgeni Malkin in neutral zone.
7:59 of 2nd period - Slapshot by Gabriel Landeskog.
7:59 of 2nd period - Stopped by Antti Raanta with a rebound.
8:42 of 2nd period - Off-side.
8:43 of 2nd period - Roope Hintz wins face-off versus Jonathan Toews in neutral zone.
8:46 of 2nd period - Jonathan Toews is hit by Vladislav Gavrikov and loses puck.
8:59 of 2nd period - Snap shot by Dylan Cozens.
8:59 of 2nd period - Stopped by Antti Raanta with a rebound.
9:15 of 2nd period - Slapshot by Tomas Hertl.
9:15 of 2nd period - Shot Misses the Net.
9:55 of 2nd period - Slapshot by Andrew Poturalski.
9:55 of 2nd period - Stopped by Darcy Kuemper without a rebound.
9:56 of 2nd period - Anze Kopitar wins face-off versus Evgeni Malkin in Tampa Bay Lightning zone.
10:01 of 2nd period - Slapshot by Anze Kopitar.
10:01 of 2nd period - Stopped by Antti Raanta with a rebound.
10:03 of 2nd period - Slapshot by Kirill Kaprizov.
10:03 of 2nd period - Stopped by Antti Raanta with a rebound.
10:05 of 2nd period - Wrist shot by Gabriel Landeskog.
10:05 of 2nd period - Stopped by Antti Raanta without a rebound.
10:06 of 2nd period - Roope Hintz wins face-off versus Evgeni Malkin in Minnesota North Stars zone.
10:23 of 2nd period - Slapshot by Gustav Forsling.
10:23 of 2nd period - Stopped by Darcy Kuemper without a rebound.
10:24 of 2nd period - Jonathan Toews wins face-off versus Tomas Hertl in Tampa Bay Lightning zone.
10:31 of 2nd period - Slapshot by Viktor Arvidsson.
10:31 of 2nd period - Stopped by Darcy Kuemper without a rebound.
10:32 of 2nd period - Jonathan Toews wins face-off versus Tomas Hertl in Tampa Bay Lightning zone.
11:03 of 2nd period - Wrist shot by Connor Brown.
11:03 of 2nd period - Stopped by Antti Raanta with a rebound.
11:05 of 2nd period - Slapshot by Vladislav Gavrikov.
11:05 of 2nd period - Deflect By Tomas Hertl.
11:05 of 2nd period - Shot Misses the Net.
11:05 of 2nd period - Puck is out of play.
11:06 of 2nd period - Evgeni Malkin wins face-off versus Anze Kopitar in Minnesota North Stars zone.
11:15 of 2nd period - Slapshot by Jack Hughes.
11:15 of 2nd period - Shot Blocked by Moritz Seider.
13:11 of 2nd period - Wrist shot by Johnny Gaudreau.
13:11 of 2nd period - Shot Blocked by Zdeno Chara.
13:13 of 2nd period - Wrist shot by Connor Brown.
13:13 of 2nd period - Stopped by Antti Raanta without a rebound.
13:14 of 2nd period - Evgeni Malkin wins face-off versus Tomas Hertl in Minnesota North Stars zone.
13:18 of 2nd period - Icing by David Perron.
13:19 of 2nd period - Evgeni Malkin wins face-off versus Anze Kopitar in Minnesota North Stars zone.
13:24 of 2nd period - Slapshot by Evgeni Malkin.
13:24 of 2nd period - Shot Misses the Net.
13:26 of 2nd period - Slapshot by Neal Pionk.
13:26 of 2nd period - Stopped by Darcy Kuemper without a rebound.
13:27 of 2nd period - Evgeni Malkin wins face-off versus Anze Kopitar in Tampa Bay Lightning zone.
14:19 of 2nd period - Tomas Hertl is hit by Gustav Nyquist and loses puck.
14:35 of 2nd period - Minor Penalty to Nino Niederreiter for Roughing.
14:36 of 2nd period - Jonathan Toews wins face-off versus Tomas Hertl in Minnesota North Stars zone.
15:02 of 2nd period - Rasmus Dahlin is hit by Gabriel Landeskog and loses puck.
15:15 of 2nd period - Wrist shot by Kirill Kaprizov.
15:15 of 2nd period - Shot Misses the Net.
16:35 of 2nd period - Penalty to Nino Niederreiter is over, Nino Niederreiter is back on ice.
16:49 of 2nd period - Snap shot by Nino Niederreiter.
16:49 of 2nd period - Shot Misses the Net.
16:51 of 2nd period - Slapshot by Alex Goligoski.
16:51 of 2nd period - Deflect By Adam Lowry.
16:51 of 2nd period - Stopped by Darcy Kuemper without a rebound.
16:52 of 2nd period - Adam Lowry wins face-off versus Lars Eller in Tampa Bay Lightning zone.
17:30 of 2nd period - Christian Dvorak is hit by Evgeni Malkin and loses puck.
18:08 of 2nd period - Icing by Christian Dvorak.
18:09 of 2nd period - Jonathan Toews wins face-off versus Roope Hintz in Tampa Bay Lightning zone.
19:05 of 2nd period - Snap shot by Johnny Gaudreau.
19:05 of 2nd period - Shot Misses the Net.
19:07 of 2nd period - Slapshot by Darnell Nurse.
19:07 of 2nd period - Shot Misses the Net.
19:31 of 2nd period - Off-side.
19:32 of 2nd period - Anze Kopitar wins face-off versus Jonathan Toews in neutral zone.
19:59 of 2nd period - Evgeni Malkin is hit by Alexander Kerfoot and loses puck.
Goals for this period are 0 for Tampa Bay Lightning vs 1 for Minnesota North Stars.
Shots for this period are 11 for Tampa Bay Lightning vs 10 for Minnesota North Stars.
3rd period
0:01 of 3rd period - Tomas Hertl wins face-off versus Evgeni Malkin in neutral zone.
0:15 of 3rd period - Icing by Evgeni Malkin.
0:16 of 3rd period - Anze Kopitar wins face-off versus Evgeni Malkin in Minnesota North Stars zone.
0:55 of 3rd period - Slapshot by Johnny Gaudreau.
0:55 of 3rd period - Stopped by Antti Raanta without a rebound.
0:56 of 3rd period - Jonathan Toews wins face-off versus Roope Hintz in Minnesota North Stars zone.
1:10 of 3rd period - Snap shot by Christian Dvorak.
1:10 of 3rd period - Shot Misses the Net.
1:12 of 3rd period - Slapshot by Roope Hintz.
1:12 of 3rd period - Goal by Roope Hintz - Tampa Bay Lightning : 2 - Minnesota North Stars : 1.
1:13 of 3rd period - Evgeni Malkin wins face-off versus Anze Kopitar in neutral zone.
1:36 of 3rd period - Minor Penalty to Moritz Seider for Tripping.
1:37 of 3rd period - Evgeni Malkin wins face-off versus Anze Kopitar in Tampa Bay Lightning zone.
1:42 of 3rd period - Slapshot by Jack Hughes.
1:42 of 3rd period - Shot Blocked by Alexander Romanov.
2:14 of 3rd period - Snap shot by Jonathan Toews.
2:14 of 3rd period - Goal by Jonathan Toews - Tampa Bay Lightning : 2 - Minnesota North Stars : 2.
2:15 of 3rd period - Connor Brown wins face-off versus Evgeni Malkin in neutral zone.
2:19 of 3rd period - Off-side.
2:20 of 3rd period - Tomas Hertl wins face-off versus Evgeni Malkin in neutral zone.
2:55 of 3rd period - Slapshot by Dylan Cozens.
2:55 of 3rd period - Shot Misses the Net.
2:57 of 3rd period - Snap shot by Dylan Cozens.
2:57 of 3rd period - Shot Misses the Net.
2:59 of 3rd period - Wrist shot by Dylan Cozens.
2:59 of 3rd period - Stopped by Antti Raanta with a rebound.
4:35 of 3rd period - Wrist shot by Yegor Sharangovich.
4:35 of 3rd period - Shot Misses the Net.
4:37 of 3rd period - Wrist shot by Yegor Sharangovich.
4:37 of 3rd period - Deflect By Adam Lowry.
4:37 of 3rd period - Shot Blocked by Hampus Lindholm.
4:37 of 3rd period - Puck is out of play.
4:38 of 3rd period - Tomas Hertl wins face-off versus Evgeni Malkin in Tampa Bay Lightning zone.
4:47 of 3rd period - Snap shot by Tomas Hertl.
4:47 of 3rd period - Stopped by Antti Raanta without a rebound.
4:48 of 3rd period - Tomas Hertl wins face-off versus Evgeni Malkin in Minnesota North Stars zone.
5:06 of 3rd period - Minor Penalty to Vladislav Gavrikov for Interference.
5:07 of 3rd period - Evgeni Malkin wins face-off versus Anze Kopitar in Tampa Bay Lightning zone.
5:07 of 3rd period - Snap shot by Jack Hughes.
5:07 of 3rd period - Shot Blocked by Tomas Hertl.
5:21 of 3rd period - Wrist shot by Evgeni Malkin.
5:21 of 3rd period - Stopped by Darcy Kuemper without a rebound.
5:22 of 3rd period - Evgeni Malkin wins face-off versus Anze Kopitar in Tampa Bay Lightning zone.
7:06 of 3rd period - Penalty to Vladislav Gavrikov is over, Vladislav Gavrikov is back on ice.
7:19 of 3rd period - Snap shot by Ivan Barbashev.
7:19 of 3rd period - Stopped by Antti Raanta with a rebound.
7:21 of 3rd period - Wrist shot by Ivan Barbashev.
7:21 of 3rd period - Shot Misses the Net.
7:23 of 3rd period - Snap shot by Lars Eller.
7:23 of 3rd period - Stopped by Antti Raanta with a rebound.
7:29 of 3rd period - Minor Penalty to Adam Lowry for Holding.
7:30 of 3rd period - Tomas Hertl wins face-off versus Jonathan Toews in Minnesota North Stars zone.
7:54 of 3rd period - Jonathan Toews is hit by Roope Hintz and loses puck.
9:29 of 3rd period - Penalty to Adam Lowry is over, Adam Lowry is back on ice.
9:44 of 3rd period - Snap shot by Evgeni Malkin.
9:44 of 3rd period - Stopped by Darcy Kuemper with a rebound.
9:46 of 3rd period - Slapshot by Evgeni Malkin.
9:46 of 3rd period - Shot Blocked by Ivan Barbashev.
9:48 of 3rd period - Snap shot by Adam Lowry.
9:48 of 3rd period - Stopped by Darcy Kuemper with a rebound.
9:50 of 3rd period - Snap shot by Jack Hughes.
9:50 of 3rd period - Stopped by Darcy Kuemper without a rebound.
9:51 of 3rd period - Roope Hintz wins face-off versus Andrew Poturalski in Tampa Bay Lightning zone.
10:02 of 3rd period - Christian Dvorak is hit by Alex Goligoski.
11:09 of 3rd period - Wrist shot by Viktor Arvidsson.
11:09 of 3rd period - Deflect By Jonathan Toews.
11:09 of 3rd period - Stopped by Darcy Kuemper with a rebound.
11:19 of 3rd period - Slapshot by Jeff Skinner.
11:19 of 3rd period - Shot Misses the Net.
11:21 of 3rd period - Snap shot by Jonathan Toews.
11:21 of 3rd period - Shot Misses the Net.
11:23 of 3rd period - Slapshot by Nick Holden.
11:23 of 3rd period - Stopped by Darcy Kuemper with a rebound.
11:25 of 3rd period - Snap shot by Jeff Skinner.
11:25 of 3rd period - Stopped by Darcy Kuemper with a rebound.
11:43 of 3rd period - Snap shot by Jeff Skinner.
11:43 of 3rd period - Shot Blocked by Ryan Graves.
11:45 of 3rd period - Slapshot by Neal Pionk.
11:45 of 3rd period - Stopped by Darcy Kuemper without a rebound.
11:46 of 3rd period - Evgeni Malkin wins face-off versus Kirill Kaprizov in Tampa Bay Lightning zone.
11:53 of 3rd period - Wrist shot by Jack Hughes.
11:53 of 3rd period - Shot Misses the Net.
11:55 of 3rd period - Slapshot by Neal Pionk.
11:55 of 3rd period - Stopped by Darcy Kuemper without a rebound.
11:56 of 3rd period - Evgeni Malkin wins face-off versus Anze Kopitar in Tampa Bay Lightning zone.
12:46 of 3rd period - Minor Penalty to Zdeno Chara for Hooking.
12:47 of 3rd period - Jonathan Toews wins face-off versus Tomas Hertl in Minnesota North Stars zone.
13:11 of 3rd period - Slapshot by Rasmus Dahlin.
13:11 of 3rd period - Stopped by Darcy Kuemper with a rebound.
13:31 of 3rd period - Kirill Kaprizov is hit by Adam Lowry and loses puck.
14:28 of 3rd period - Wrist shot by David Perron.
14:28 of 3rd period - Shot Blocked by Darnell Nurse.
14:46 of 3rd period - Penalty to Zdeno Chara is over, Zdeno Chara is back on ice.
14:56 of 3rd period - Wrist shot by Alexander Kerfoot.
14:56 of 3rd period - Goal by Alexander Kerfoot - Tampa Bay Lightning : 3 - Minnesota North Stars : 2.
14:57 of 3rd period - Adam Lowry wins face-off versus Roope Hintz in neutral zone.
15:00 of 3rd period - Snap shot by Yegor Sharangovich.
15:00 of 3rd period - Goal by Yegor Sharangovich - Tampa Bay Lightning : 3 - Minnesota North Stars : 3.
15:01 of 3rd period - Adam Lowry wins face-off versus Roope Hintz in neutral zone.
15:26 of 3rd period - Kirill Kaprizov is hit by Zdeno Chara.
15:46 of 3rd period - Minor Penalty to Gabriel Landeskog for Tripping.
15:47 of 3rd period - Anze Kopitar wins face-off versus Evgeni Malkin in Tampa Bay Lightning zone.
17:46 of 3rd period - Penalty to Gabriel Landeskog is over, Gabriel Landeskog is back on ice.
18:00 of 3rd period - Slapshot by Yegor Sharangovich.
18:00 of 3rd period - Deflect By Gustav Nyquist.
18:00 of 3rd period - Stopped by Darcy Kuemper with a rebound.
18:02 of 3rd period - Backhand shot by Adam Lowry.
18:02 of 3rd period - Stopped by Darcy Kuemper without a rebound.
18:03 of 3rd period - Viktor Arvidsson wins face-off versus Anze Kopitar in Tampa Bay Lightning zone.
18:58 of 3rd period - Neal Pionk is hit by Anze Kopitar and loses puck.
19:35 of 3rd period - Viktor Arvidsson is hit by Darnell Nurse and loses puck.
Goals for this period are 2 for Tampa Bay Lightning vs 2 for Minnesota North Stars.
Shots for this period are 7 for Tampa Bay Lightning vs 14 for Minnesota North Stars.
Overtime #1
0:01 of 1st overtime period - Evgeni Malkin wins face-off versus Anze Kopitar in neutral zone.
0:22 of 1st overtime period - Minor Penalty to Evgeni Malkin for Hooking.
0:23 of 1st overtime period - Jonathan Toews wins face-off versus Anze Kopitar in Minnesota North Stars zone.
0:28 of 1st overtime period - Slapshot by Nick Holden.
0:28 of 1st overtime period - Shot Blocked by Vladislav Gavrikov.
0:30 of 1st overtime period - Slapshot by Nick Holden.
0:30 of 1st overtime period - Shot Blocked by Darnell Nurse.
1:30 of 1st overtime period - Slapshot by Yegor Sharangovich.
1:30 of 1st overtime period - Shot Misses the Net.
1:32 of 1st overtime period - Slapshot by Gustav Forsling.
1:32 of 1st overtime period - Stopped by Darcy Kuemper with a rebound.
1:34 of 1st overtime period - Snap shot by Yegor Sharangovich.
1:34 of 1st overtime period - Stopped by Darcy Kuemper without a rebound.
1:35 of 1st overtime period - Anze Kopitar wins face-off versus Jonathan Toews in Tampa Bay Lightning zone.
1:48 of 1st overtime period - Snap shot by Darnell Nurse.
1:48 of 1st overtime period - Stopped by Antti Raanta with a rebound.
2:10 of 1st overtime period - Slapshot by Neal Pionk.
2:10 of 1st overtime period - Stopped by Darcy Kuemper with a rebound.
2:12 of 1st overtime period - Backhand shot by Yegor Sharangovich.
2:12 of 1st overtime period - Shot Misses the Net.
2:14 of 1st overtime period - Wrist shot by Yegor Sharangovich.
2:14 of 1st overtime period - Goal by Yegor Sharangovich - Tampa Bay Lightning : 3 - Minnesota North Stars : 4.
Goals for this period are 0 for Tampa Bay Lightning vs 1 for Minnesota North Stars.
Shots for this period are 1 for Tampa Bay Lightning vs 4 for Minnesota North Stars.
Back to the Top